| Goals | Penalties |
1. Chicago Wolves , Pavol Regenda 5 (Elias Pettersson2 3) at 13:02
|
Jackson Cates (WOL) for Fighting (Major) at 8:59 Jaroslav Chmelar (WLF) for Fighting (Major) at 8:59 Lukas Rousek (WOL) for Fighting (Major) at 15:14 Jaroslav Chmelar (WLF) for Fighting (Major) at 15:14 Jaroslav Chmelar (WLF) for instigated a fight (Minor) at 15:14 Jaroslav Chmelar (WLF) for instigated and being the aggresor in a fight (20 Minutes Game Misconduct) at 15:14
|
2. Chicago Wolves , Mitchell Stephens 15 (Valtteri Puustinen 17, Seamus Casey 21) at 0:52 (PP)
3. Hartford Wolf Pack , Donavan Houle 3 (Gustav Olofsson 6, Zac Jones 9) at 10:56
4. Hartford Wolf Pack , Yegor Sidorov 21 (Sheldon Dries 32) at 16:38
5. Chicago Wolves , Mitchell Stephens 16 (Valtteri Puustinen 18) at 18:29
6. Chicago Wolves , Jackson Cates 11 (Ivan Miroshnichenko 14, Pavol Regenda 6) at 18:40 (PP)
7. Chicago Wolves , Mitchell Stephens 17 (Jordan Harris 10, Valtteri Puustinen 19) at 19:22
8. Hartford Wolf Pack , Tyler Motte 2 (Ryan Winterton 11) at 19:28
|
Zac Jones (WLF) for Roughing (Minor) at 0:17 Yegor Sidorov (WLF) for Delaying the game (Minor) at 1:41 Joe Fleming (WOL) for Roughing (Minor) at 8:31 Jason Polin (WLF) for Tripping (Minor) at 18:34
|
9. Chicago Wolves , Valtteri Puustinen 27 (Mitchell Stephens 30) at 3:24
|
Sawyer Boulton (WOL) for Holding (Minor) at 15:21
|
|
Domenic DiVincentiis (WLF), 32 saves from 38 shots - (0,842), L, 5-5-0, 60:00 minutes
Sebastian Cossa (WOL), 24 saves from 27 shots - (0,889), W, 8-6-1, 60:00 minutes
|
|
1 - Mitchell Stephens (WOL)
2 - Valtteri Puustinen (WOL)
3 - Pavol Regenda (WOL)
|
Referees : Shaun Davis and Tim Mayer
Linesman : Mark Shewchyk and Derek Wahl
|
|
Jackson Cates and Jaroslav Chmelar fight to a draw at 8:59 of 1st period
Lukas Rousek and Jaroslav Chmelar fight to a draw at 15:14 of 1st period
Jaroslav Chmelar (WLF) for instigated and being the aggresor in a fight (20 Minutes Game Misconduct) at 15:14
Jaroslav Chmelar ejected from game at 15:14 of 1st period
1:22 of 2nd period - Chicago Wolves goal is going for a video replay. After video review, No Goal. The puck has been kicked using a distinct kicking motion.
18:48 of 2nd period - Chicago Wolves goal is going for a video replay. After video review, No Goal. The attacking player has interfered with a goalkeeper in his goal crease.
Mitchell Stephens has scored a Hat Trick!
|
|
Level 1 -- Attendance: 1960 (98,00%) -- Ticket Income $49,000
Level 2 -- Attendance: 1000 (100,00%) -- Ticket Income $10,000
Total Attendance: 2960 (98,67%)
Total Ticket Income: $59,000
Other Income: $28,910
Total Income: $87,910
|
| Team Name |
Goals |
Shots |
Shots Attemp |
Shots Blocked |
PIM |
HIT |
PP |
PK |
FO% |
| Hartford Wolf Pack |
3 | 27 | 50 | 8 | 38 | 29 | 0 / 2 (0%) | 2 | 43% |
| Chicago Wolves |
6 | 38 | 63 | 8 | 14 | 22 | 2 / 4 (50%) | 0 | 57% |
Hartford Wolf Pack
Chicago Wolves
Hartford Wolf Pack
| 5 vs 5 Forward |
|---|
| Line # | Left Wing | Center | Right Wing | PHY | DF | OF | Wanted % | Time % | Time Play |
| 1 | Jaroslav Chmelar | Sheldon Dries | Yegor Sidorov | 0 | 2 | 3 | 40 | 39% | 20:06
|
| 2 | Jeff Malott | Ryan Winterton | Tyler Motte | 0 | 2 | 3 | 30 | 18% | 9:02
|
| 3 | Brett Harrison | Atley Calvert | Jason Polin | 0 | 3 | 2 | 20 | 21% | 10:48
|
| 4 | Roni Hirvonen | Trevor Janicke | Donavan Houle | 0 | 4 | 1 | 10 | 22% | 11:27
|
| 5 vs 5 Defense |
|---|
| Line # | Defense | Defense | | PHY | DF | OF | Wanted % | Time % | Time Play |
| 1 | Jordan Oesterle | Declan Chisholm | | 0 | 2 | 3 | 40 | 44% | 22:28
|
| 2 | Zac Jones | Gustav Olofsson | | 0 | 2 | 3 | 36 | 32% | 16:40
|
| 3 | Michael Buchinger | Gustav Olofsson | | 0 | 3 | 2 | 24 | 23% | 11:41
|
| 4 | Jordan Oesterle | Declan Chisholm | | 1 | 2 | 2 | 0 | 1% | 0:34
|
| Power Play Forward |
|---|
| Line # | Left Wing | Center | Right Wing | PHY | DF | OF | Wanted % | Time % | Time Play |
| 1 | Jaroslav Chmelar | Sheldon Dries | Yegor Sidorov | 1 | 2 | 2 | 60 | 71% | 2:50
|
| 2 | Jeff Malott | Ryan Winterton | Jason Polin | 1 | 2 | 2 | 40 | 29% | 1:08
|
| Power Play Defense |
|---|
| Line # | Defense | Defense | | PHY | DF | OF | Wanted % | Time % | Time Play |
| 1 | Jordan Oesterle | Declan Chisholm | | 1 | 2 | 2 | 60 | 60% | 2:22
|
| 2 | Zac Jones | Gustav Olofsson | | 1 | 2 | 2 | 40 | 40% | 1:36
|
| Penalty Kill 4 Players Forward |
|---|
| Line # | Center | Wing | PHY | DF | OF | Wanted % | Time % | Time Play |
| 1 | Sheldon Dries | Tyler Motte | 1 | 2 | 2 | 60 | 80% | 3:42
|
| 2 | Ryan Winterton | Jeff Malott | 1 | 2 | 2 | 40 | 20% | 0:57
|
| Penalty Kill 4 Players Defense |
|---|
| Line # | Defense | Defense | PHY | DF | OF | Wanted % | Time % | Time Play |
| 1 | Jordan Oesterle | Declan Chisholm | 1 | 2 | 2 | 60 | 58% | 2:42
|
| 2 | Gustav Olofsson | Zac Jones | 1 | 2 | 2 | 40 | 42% | 1:57
|
| Penalty Kill 3 Players |
|---|
| Line # | Wing | PHY | DF | OF | Wanted % | Time % | Time Play | Defense | Defense | PHY | DF | OF | Wanted % | Time % | Time Play |
| 1 | Tyler Motte | 1 | 2 | 2 | 60 | 0% | 0:00
| Jordan Oesterle | Declan Chisholm | 1 | 2 | 2 | 60 | 0% | 0:00
|
| 2 | Ryan Winterton | 1 | 2 | 2 | 40 | 0% | 0:00
| Zac Jones | Gustav Olofsson | 1 | 2 | 2 | 40 | 0% | 0:00
|
| 4 vs 4 Forward |
|---|
| Line # | Center | Wing | PHY | DF | OF | Wanted % | Time % | Time Play |
| 1 | Sheldon Dries | Tyler Motte | 1 | 2 | 2 | 60 | 0% | 0:00
|
| 2 | Ryan Winterton | Jeff Malott | 1 | 2 | 2 | 40 | 0% | 0:00
|
| 4 vs 4 Defense |
|---|
| Line # | Defense | | PHY | DF | OF | Wanted % | Time % | Time Play |
| 1 | Jordan Oesterle | Declan Chisholm | 1 | 2 | 2 | 60 | 0% | 0:00
|
| 2 | Zac Jones | Gustav Olofsson | 1 | 2 | 2 | 40 | 0% | 0:00
|
| Last Minutes Offensive |
|---|
| Left Wing | Center | Right Wing | Defense | Defense |
| Jaroslav Chmelar | Sheldon Dries | Yegor Sidorov | Jordan Oesterle | Zac Jones |
| Last Minutes Defensive |
|---|
| Left Wing | Center | Right Wing | Defense | Defense |
| Jaroslav Chmelar | Sheldon Dries | Yegor Sidorov | Jordan Oesterle | Zac Jones |
| Time |
|---|
| Total Forward | Total Defense | Last Minutes Offensive | Last Minutes Defensive |
| 60:00 |
60:00 |
0:00 | 0:00 |
| Extra Forwards |
|---|
| Normal | PowerPlay | Penalty Kill |
|
Ryan Winterton, Jason Polin, Tyler Motte | Ryan Winterton, Tyler Motte | Ryan Winterton |
| Extra Defensemen |
|---|
| Normal | PowerPlay | Penalty Kill |
|
Gustav Olofsson, Michael Buchinger, Zac Jones | Gustav Olofsson, Gustav Olofsson | Zac Jones |
| Penalty Shots |
|---|
|
Jaroslav Chmelar, Jeff Malott, Yegor Sidorov, Sheldon Dries, Ryan Winterton |
| Goalie |
|---|
| Domenic DiVincentiis, Trent Miner |
| Scratches |
|---|
|
Robert Bortuzzo (Healthy), Tyler Inamoto (Healthy), Dylan Ferguson (Healthy), Thomas Milic (Healthy) |
Chicago Wolves
| 5 vs 5 Forward |
|---|
| Line # | Left Wing | Center | Right Wing | PHY | DF | OF | Wanted % | Time % | Time Play |
| 1 | Valtteri Puustinen | Mitchell Stephens | Lukas Rousek | 1 | 2 | 2 | 40 | 34% | 17:17
|
| 2 | Ivan Miroshnichenko | Jackson Cates | Pavol Regenda | 1 | 2 | 2 | 30 | 24% | 12:21
|
| 3 | Pavol Regenda | Wilmer Skoog | Will Lockwood | 1 | 2 | 2 | 20 | 18% | 9:13
|
| 4 | Ben Steeves | Ryan Gagnier | Sawyer Boulton | 1 | 2 | 2 | 10 | 24% | 12:32
|
| 5 vs 5 Defense |
|---|
| Line # | Defense | Defense | | PHY | DF | OF | Wanted % | Time % | Time Play |
| 1 | Jordan Harris | Elias Pettersson2 | | 1 | 2 | 2 | 40 | 39% | 20:01
|
| 2 | Seamus Casey | Cavan Fitzgerald | | 1 | 2 | 2 | 30 | 29% | 14:48
|
| 3 | David Reinbacher | Djibril Toure | | 1 | 2 | 2 | 20 | 20% | 10:23
|
| 4 | Chad Nychuk | Joe Fleming | | 1 | 2 | 2 | 10 | 12% | 6:11
|
| Power Play Forward |
|---|
| Line # | Left Wing | Center | Right Wing | PHY | DF | OF | Wanted % | Time % | Time Play |
| 1 | Valtteri Puustinen | Mitchell Stephens | Lukas Rousek | 1 | 2 | 2 | 60 | 66% | 3:04
|
| 2 | Ivan Miroshnichenko | Jackson Cates | Pavol Regenda | 1 | 2 | 2 | 40 | 34% | 1:35
|
| Power Play Defense |
|---|
| Line # | Defense | Defense | | PHY | DF | OF | Wanted % | Time % | Time Play |
| 1 | Jordan Harris | Elias Pettersson2 | | 1 | 2 | 2 | 60 | 58% | 2:43
|
| 2 | Seamus Casey | Cavan Fitzgerald | | 1 | 2 | 2 | 40 | 42% | 1:56
|
| Penalty Kill 4 Players Forward |
|---|
| Line # | Center | Wing | PHY | DF | OF | Wanted % | Time % | Time Play |
| 1 | Mitchell Stephens | Valtteri Puustinen | 1 | 2 | 2 | 60 | 85% | 3:23
|
| 2 | Jackson Cates | Ivan Miroshnichenko | 1 | 2 | 2 | 40 | 15% | 0:35
|
| Penalty Kill 4 Players Defense |
|---|
| Line # | Defense | Defense | PHY | DF | OF | Wanted % | Time % | Time Play |
| 1 | Jordan Harris | Elias Pettersson2 | 1 | 2 | 2 | 60 | 48% | 1:55
|
| 2 | Seamus Casey | Cavan Fitzgerald | 1 | 2 | 2 | 40 | 52% | 2:03
|
| Penalty Kill 3 Players |
|---|
| Line # | Wing | PHY | DF | OF | Wanted % | Time % | Time Play | Defense | Defense | PHY | DF | OF | Wanted % | Time % | Time Play |
| 1 | Mitchell Stephens | 1 | 2 | 2 | 60 | 0% | 0:00
| Jordan Harris | Elias Pettersson2 | 1 | 2 | 2 | 60 | 0% | 0:00
|
| 2 | Jackson Cates | 1 | 2 | 2 | 40 | 0% | 0:00
| Seamus Casey | Cavan Fitzgerald | 1 | 2 | 2 | 40 | 0% | 0:00
|
| 4 vs 4 Forward |
|---|
| Line # | Center | Wing | PHY | DF | OF | Wanted % | Time % | Time Play |
| 1 | Mitchell Stephens | Valtteri Puustinen | 1 | 2 | 2 | 60 | 0% | 0:00
|
| 2 | Jackson Cates | Ivan Miroshnichenko | 1 | 2 | 2 | 40 | 0% | 0:00
|
| 4 vs 4 Defense |
|---|
| Line # | Defense | | PHY | DF | OF | Wanted % | Time % | Time Play |
| 1 | Jordan Harris | Elias Pettersson2 | 1 | 2 | 2 | 60 | 0% | 0:00
|
| 2 | Seamus Casey | Cavan Fitzgerald | 1 | 2 | 2 | 40 | 0% | 0:00
|
| Last Minutes Offensive |
|---|
| Left Wing | Center | Right Wing | Defense | Defense |
| Valtteri Puustinen | Mitchell Stephens | Lukas Rousek | Jordan Harris | Elias Pettersson2 |
| Last Minutes Defensive |
|---|
| Left Wing | Center | Right Wing | Defense | Defense |
| Valtteri Puustinen | Mitchell Stephens | Lukas Rousek | Jordan Harris | Elias Pettersson2 |
| Time |
|---|
| Total Forward | Total Defense | Last Minutes Offensive | Last Minutes Defensive |
| 60:00 |
60:00 |
0:00 | 0:00 |
| Extra Forwards |
|---|
| Normal | PowerPlay | Penalty Kill |
|
Pavol Regenda, Jackson Cates, Will Lockwood | Pavol Regenda, Jackson Cates | Pavol Regenda |
| Extra Defensemen |
|---|
| Normal | PowerPlay | Penalty Kill |
|
Djibril Toure, Chad Nychuk, Joe Fleming | Djibril Toure, Djibril Toure | Chad Nychuk |
| Penalty Shots |
|---|
|
Valtteri Puustinen, Ivan Miroshnichenko, Mitchell Stephens, Lukas Rousek, Pavol Regenda |
| Goalie |
|---|
| Sebastian Cossa, Drew Commesso |
Play-by-Play
1st period
0:01 of 1st period - Mitchell Stephens wins face-off versus Sheldon Dries in neutral zone.
0:26 of 1st period - Declan Chisholm is hit by Pavol Regenda and loses puck.
0:58 of 1st period - Wrist shot by Ben Steeves.
0:58 of 1st period - Shot Blocked by Gustav Olofsson.
1:18 of 1st period - Slapshot by Roni Hirvonen.
1:18 of 1st period - Shot Misses the Net.
1:20 of 1st period - Wrist shot by Roni Hirvonen.
1:20 of 1st period - Stopped by Sebastian Cossa with a rebound.
1:47 of 1st period - Icing by Sheldon Dries.
1:48 of 1st period - Sheldon Dries wins face-off versus Ryan Gagnier in Hartford Wolf Pack zone.
1:58 of 1st period - Wrist shot by Sheldon Dries.
1:58 of 1st period - Shot Misses the Net.
2:00 of 1st period - Wrist shot by Jaroslav Chmelar.
2:00 of 1st period - Shot Misses the Net.
2:02 of 1st period - Snap shot by Jaroslav Chmelar.
2:02 of 1st period - Stopped by Sebastian Cossa without a rebound.
2:03 of 1st period - Ryan Winterton wins face-off versus Mitchell Stephens in Chicago Wolves zone.
2:21 of 1st period - Jordan Oesterle is hit by Mitchell Stephens and loses puck.
2:34 of 1st period - Slapshot by Ivan Miroshnichenko.
2:34 of 1st period - Shot Misses the Net.
2:36 of 1st period - Wrist shot by Pavol Regenda.
2:36 of 1st period - Stopped by Domenic DiVincentiis without a rebound.
2:37 of 1st period - Atley Calvert wins face-off versus Jackson Cates in Hartford Wolf Pack zone.
3:11 of 1st period - Snap shot by Yegor Sidorov.
3:11 of 1st period - Stopped by Sebastian Cossa with a rebound.
3:28 of 1st period - Wrist shot by Donavan Houle.
3:28 of 1st period - Stopped by Sebastian Cossa without a rebound.
3:29 of 1st period - Sheldon Dries wins face-off versus Wilmer Skoog in Chicago Wolves zone.
3:32 of 1st period - Snap shot by Sheldon Dries.
3:32 of 1st period - Stopped by Sebastian Cossa without a rebound.
3:33 of 1st period - Wilmer Skoog wins face-off versus Sheldon Dries in Chicago Wolves zone.
3:45 of 1st period - Snap shot by Pavol Regenda.
3:45 of 1st period - Shot Blocked by Zac Jones.
4:26 of 1st period - Off-side.
4:27 of 1st period - Ryan Gagnier wins face-off versus Atley Calvert in neutral zone.
4:30 of 1st period - Gustav Olofsson is hit by Seamus Casey and loses puck.
4:51 of 1st period - Atley Calvert is hit by Wilmer Skoog and loses puck.
5:49 of 1st period - Snap shot by Pavol Regenda.
5:49 of 1st period - Stopped by Domenic DiVincentiis with a rebound.
6:02 of 1st period - Snap shot by Pavol Regenda.
6:02 of 1st period - Stopped by Domenic DiVincentiis without a rebound.
6:03 of 1st period - Jaroslav Chmelar wins face-off versus Mitchell Stephens in Hartford Wolf Pack zone.
6:16 of 1st period - Snap shot by Jaroslav Chmelar.
6:16 of 1st period - Shot Misses the Net.
6:30 of 1st period - Ryan Gagnier is hit by Ryan Winterton and loses puck.
6:41 of 1st period - Jeff Malott is hit by Sawyer Boulton and loses puck.
6:52 of 1st period - Mitchell Stephens is hit by Donavan Houle and loses puck.
7:11 of 1st period - Jordan Oesterle is hit by Valtteri Puustinen and loses puck.
7:30 of 1st period - Wrist shot by Roni Hirvonen.
7:30 of 1st period - Deflect By Jordan Harris.
7:30 of 1st period - Stopped by Sebastian Cossa without a rebound.
7:31 of 1st period - Jackson Cates wins face-off versus Sheldon Dries in Chicago Wolves zone.
7:31 of 1st period - Jackson Cates is hit by Michael Buchinger.
7:39 of 1st period - Gustav Olofsson is hit by Ivan Miroshnichenko and loses puck.
8:19 of 1st period - Snap shot by Yegor Sidorov.
8:19 of 1st period - Stopped by Sebastian Cossa without a rebound.
8:20 of 1st period - Sheldon Dries wins face-off versus Jackson Cates in Chicago Wolves zone.
8:23 of 1st period - Wrist shot by Yegor Sidorov.
8:23 of 1st period - Shot Blocked by Jordan Harris.
8:45 of 1st period - Valtteri Puustinen is hit by Jeff Malott and loses puck.
8:52 of 1st period - Slapshot by Tyler Motte.
8:52 of 1st period - Stopped by Sebastian Cossa without a rebound.
8:53 of 1st period - Jackson Cates wins face-off versus Sheldon Dries in Chicago Wolves zone.
8:59 of 1st period - Jackson Cates and Jaroslav Chmelar fight to a draw.
8:59 of 1st period - Penalty to Jackson Cates for Fighting.
8:59 of 1st period - Penalty to Jaroslav Chmelar for Fighting.
9:00 of 1st period - Ryan Winterton wins face-off versus Will Lockwood in Hartford Wolf Pack zone.
9:07 of 1st period - Wrist shot by Yegor Sidorov.
9:07 of 1st period - Shot Misses the Net.
9:50 of 1st period - Snap shot by Zac Jones.
9:50 of 1st period - Stopped by Sebastian Cossa with a rebound.
9:52 of 1st period - Snap shot by Brett Harrison.
9:52 of 1st period - Stopped by Sebastian Cossa with a rebound.
9:56 of 1st period - Slapshot by Zac Jones.
9:56 of 1st period - Stopped by Sebastian Cossa without a rebound.
9:57 of 1st period - Ryan Winterton wins face-off versus Will Lockwood in Chicago Wolves zone.
10:22 of 1st period - Lukas Rousek is hit by Declan Chisholm and loses puck.
10:35 of 1st period - Snap shot by Yegor Sidorov.
10:35 of 1st period - Shot Blocked by Seamus Casey.
11:05 of 1st period - Slapshot by Declan Chisholm.
11:05 of 1st period - Stopped by Sebastian Cossa without a rebound.
11:06 of 1st period - Will Lockwood wins face-off versus Atley Calvert in Chicago Wolves zone.
11:06 of 1st period - Will Lockwood is hit by Gustav Olofsson.
11:16 of 1st period - Wrist shot by Jason Polin.
11:16 of 1st period - Shot Hit the Post.
11:48 of 1st period - Slapshot by Ivan Miroshnichenko.
11:48 of 1st period - Stopped by Domenic DiVincentiis with a rebound.
11:50 of 1st period - Snap shot by Pavol Regenda.
11:50 of 1st period - Stopped by Domenic DiVincentiis with a rebound.
11:52 of 1st period - Slapshot by Jordan Harris.
11:52 of 1st period - Stopped by Domenic DiVincentiis with a rebound.
11:54 of 1st period - Snap shot by Elias Pettersson2.
11:54 of 1st period - Shot Hit the Post.
11:56 of 1st period - Wrist shot by Pavol Regenda.
11:56 of 1st period - Shot Misses the Net.
11:58 of 1st period - Snap shot by Jordan Harris.
11:58 of 1st period - Deflect By Pavol Regenda.
11:58 of 1st period - Stopped by Domenic DiVincentiis with a rebound.
12:00 of 1st period - Slapshot by Elias Pettersson2.
12:00 of 1st period - Shot Blocked by Trevor Janicke.
12:02 of 1st period - Slapshot by Elias Pettersson2.
12:02 of 1st period - Deflect By Ivan Miroshnichenko.
12:02 of 1st period - Stopped by Domenic DiVincentiis with a rebound.
12:04 of 1st period - Snap shot by Jordan Harris.
12:04 of 1st period - Shot Blocked by Declan Chisholm.
12:48 of 1st period - Slapshot by Declan Chisholm.
12:48 of 1st period - Stopped by Sebastian Cossa with a rebound.
13:00 of 1st period - Snap shot by Pavol Regenda.
13:00 of 1st period - Shot Misses the Net.
13:02 of 1st period - Wrist shot by Pavol Regenda.
13:02 of 1st period - Goal by Pavol Regenda - Hartford Wolf Pack : 0 - Chicago Wolves : 1.
13:03 of 1st period - Ryan Winterton wins face-off versus Mitchell Stephens in neutral zone.
13:11 of 1st period - Snap shot by Jeff Malott.
13:11 of 1st period - Stopped by Sebastian Cossa with a rebound.
13:48 of 1st period - Wrist shot by Mitchell Stephens.
13:48 of 1st period - Deflect By Valtteri Puustinen.
13:48 of 1st period - Stopped by Domenic DiVincentiis with a rebound.
13:50 of 1st period - Snap shot by Lukas Rousek.
13:50 of 1st period - Stopped by Domenic DiVincentiis without a rebound.
13:51 of 1st period - Sawyer Boulton wins face-off versus Atley Calvert in Hartford Wolf Pack zone.
14:01 of 1st period - Icing by Michael Buchinger.
14:02 of 1st period - Ryan Gagnier wins face-off versus Atley Calvert in Hartford Wolf Pack zone.
14:06 of 1st period - Icing by Gustav Olofsson.
14:07 of 1st period - Atley Calvert wins face-off versus Ryan Gagnier in Hartford Wolf Pack zone.
14:20 of 1st period - Wrist shot by Jason Polin.
14:20 of 1st period - Shot Misses the Net.
14:22 of 1st period - Slapshot by Gustav Olofsson.
14:22 of 1st period - Stopped by Sebastian Cossa with a rebound.
14:24 of 1st period - Wrist shot by Jason Polin.
14:24 of 1st period - Stopped by Sebastian Cossa with a rebound.
14:26 of 1st period - Snap shot by Atley Calvert.
14:26 of 1st period - Stopped by Sebastian Cossa with a rebound.
15:04 of 1st period - Wrist shot by Jason Polin.
15:04 of 1st period - Stopped by Sebastian Cossa without a rebound.
15:05 of 1st period - Sheldon Dries wins face-off versus Mitchell Stephens in Chicago Wolves zone.
15:12 of 1st period - Jaroslav Chmelar is hit by Lukas Rousek and loses puck.
15:14 of 1st period - Lukas Rousek and Jaroslav Chmelar fight to a draw.
15:14 of 1st period - Penalty to Lukas Rousek for Fighting.
15:14 of 1st period - Penalty to Jaroslav Chmelar for Fighting.
15:14 of 1st period - Penalty to Jaroslav Chmelar for instigated a fight.
15:14 of 1st period - Penalty to Jaroslav Chmelar for instigated and being the aggresor in a fight.
15:14 of 1st period - Jaroslav Chmelar is ejected from game.
15:15 of 1st period - Mitchell Stephens wins face-off versus Sheldon Dries in Hartford Wolf Pack zone.
15:40 of 1st period - Tyler Motte is hit by Elias Pettersson2 and loses puck.
16:49 of 1st period - Jordan Harris is hit by Jeff Malott and loses puck.
17:00 of 1st period - Brett Harrison is hit by Wilmer Skoog.
17:14 of 1st period - Penalty to Jaroslav Chmelar is over, Jason Polin is send on ice.
17:28 of 1st period - Ben Steeves is hit by Jordan Oesterle and loses puck.
18:45 of 1st period - Ryan Gagnier is hit by Tyler Motte and loses puck.
Goals for this period are 0 for Hartford Wolf Pack vs 1 for Chicago Wolves.
Shots for this period are 18 for Hartford Wolf Pack vs 11 for Chicago Wolves.
2nd period
0:01 of 2nd period - Mitchell Stephens wins face-off versus Yegor Sidorov in neutral zone.
0:17 of 2nd period - Minor Penalty to Zac Jones for Roughing.
0:18 of 2nd period - Sheldon Dries wins face-off versus Mitchell Stephens in Hartford Wolf Pack zone.
0:52 of 2nd period - Snap shot by Mitchell Stephens.
0:52 of 2nd period - Goal by Mitchell Stephens - Hartford Wolf Pack : 0 - Chicago Wolves : 2.
0:53 of 2nd period - Wilmer Skoog wins face-off versus Ryan Winterton in neutral zone.
1:00 of 2nd period - Snap shot by Will Lockwood.
1:00 of 2nd period - Shot Blocked by Ryan Winterton.
1:02 of 2nd period - Slapshot by Jordan Harris.
1:02 of 2nd period - Stopped by Domenic DiVincentiis without a rebound.
1:03 of 2nd period - Ryan Winterton wins face-off versus Wilmer Skoog in Hartford Wolf Pack zone.
1:10 of 2nd period - Wrist shot by Pavol Regenda.
1:10 of 2nd period - Shot Misses the Net.
1:12 of 2nd period - Snap shot by Jordan Harris.
1:12 of 2nd period - Shot Blocked by Gustav Olofsson.
1:14 of 2nd period - Slapshot by Elias Pettersson2.
1:14 of 2nd period - Stopped by Domenic DiVincentiis with a rebound.
1:16 of 2nd period - Wrist shot by Wilmer Skoog.
1:16 of 2nd period - Shot Blocked by Zac Jones.
1:18 of 2nd period - Snap shot by Will Lockwood.
1:18 of 2nd period - Stopped by Domenic DiVincentiis with a rebound.
1:20 of 2nd period - Snap shot by Wilmer Skoog.
1:20 of 2nd period - Shot Misses the Net.
1:22 of 2nd period - Snap shot by Pavol Regenda.
1:22 of 2nd period - Chicago Wolves goal is going for a video replay.
1:22 of 2nd period - The goal is refused. The puck has been kicked using a distinct kicking motion..
1:23 of 2nd period - Mitchell Stephens wins face-off versus Ryan Winterton in Hartford Wolf Pack zone.
1:28 of 2nd period - Snap shot by Mitchell Stephens.
1:28 of 2nd period - Stopped by Domenic DiVincentiis with a rebound.
1:41 of 2nd period - Minor Penalty to Yegor Sidorov for Delaying the game.
1:42 of 2nd period - Sheldon Dries wins face-off versus Mitchell Stephens in Hartford Wolf Pack zone.
1:46 of 2nd period - Slapshot by Declan Chisholm.
1:46 of 2nd period - Shot Blocked by Mitchell Stephens.
2:55 of 2nd period - Zac Jones is hit by Jackson Cates and loses puck.
3:41 of 2nd period - Penalty to Yegor Sidorov is over, Yegor Sidorov is back on ice.
3:47 of 2nd period - Slapshot by Roni Hirvonen.
3:47 of 2nd period - Shot Misses the Net.
3:58 of 2nd period - Slapshot by Valtteri Puustinen.
3:58 of 2nd period - Stopped by Domenic DiVincentiis with a rebound.
4:00 of 2nd period - Wrist shot by Mitchell Stephens.
4:00 of 2nd period - Stopped by Domenic DiVincentiis with a rebound.
4:02 of 2nd period - Snap shot by Valtteri Puustinen.
4:02 of 2nd period - Stopped by Domenic DiVincentiis with a rebound.
4:04 of 2nd period - Snap shot by Mitchell Stephens.
4:04 of 2nd period - Shot Misses the Net.
4:18 of 2nd period - Wrist shot by Valtteri Puustinen.
4:18 of 2nd period - Stopped by Domenic DiVincentiis with a rebound.
4:28 of 2nd period - Slapshot by Valtteri Puustinen.
4:28 of 2nd period - Shot Misses the Net.
4:30 of 2nd period - Slapshot by Lukas Rousek.
4:30 of 2nd period - Stopped by Domenic DiVincentiis without a rebound.
4:31 of 2nd period - Sheldon Dries wins face-off versus Wilmer Skoog in Hartford Wolf Pack zone.
4:38 of 2nd period - Wrist shot by Pavol Regenda.
4:38 of 2nd period - Shot Misses the Net.
4:40 of 2nd period - Snap shot by Wilmer Skoog.
4:40 of 2nd period - Stopped by Domenic DiVincentiis with a rebound.
4:42 of 2nd period - Slapshot by Cavan Fitzgerald.
4:42 of 2nd period - Shot Misses the Net.
4:56 of 2nd period - Seamus Casey is hit by Zac Jones.
5:02 of 2nd period - Wrist shot by Ryan Gagnier.
5:02 of 2nd period - Stopped by Domenic DiVincentiis without a rebound.
5:03 of 2nd period - Sheldon Dries wins face-off versus Jackson Cates in Hartford Wolf Pack zone.
5:08 of 2nd period - Sheldon Dries is hit by Jackson Cates and loses puck.
5:17 of 2nd period - Pavol Regenda is hit by Yegor Sidorov and loses puck.
6:48 of 2nd period - Donavan Houle is hit by Ryan Gagnier and loses puck.
7:17 of 2nd period - Elias Pettersson2 is hit by Donavan Houle.
7:27 of 2nd period - Will Lockwood is hit by Brett Harrison.
7:31 of 2nd period - Cavan Fitzgerald is hit by Michael Buchinger and loses puck.
7:57 of 2nd period - Yegor Sidorov is hit by Valtteri Puustinen and loses puck.
8:31 of 2nd period - Minor Penalty to Joe Fleming for Roughing.
8:32 of 2nd period - Mitchell Stephens wins face-off versus Sheldon Dries in Chicago Wolves zone.
8:42 of 2nd period - Slapshot by Yegor Sidorov.
8:42 of 2nd period - Shot Misses the Net.
9:25 of 2nd period - Icing by Jeff Malott.
9:26 of 2nd period - Ryan Winterton wins face-off versus Pavol Regenda in Hartford Wolf Pack zone.
10:14 of 2nd period - 10 Minutes Misconduct Penalty to Jaroslav Chmelar is over.
10:31 of 2nd period - Penalty to Joe Fleming is over, Joe Fleming is back on ice.
10:44 of 2nd period - Off-side.
10:45 of 2nd period - Ryan Gagnier wins face-off versus Trevor Janicke in neutral zone.
10:52 of 2nd period - Slapshot by Zac Jones.
10:52 of 2nd period - Shot Misses the Net.
10:54 of 2nd period - Slapshot by Gustav Olofsson.
10:54 of 2nd period - Shot Blocked by Jordan Harris.
10:56 of 2nd period - Slapshot by Gustav Olofsson.
10:56 of 2nd period - Deflect By Donavan Houle.
10:56 of 2nd period - Goal by Donavan Houle - Hartford Wolf Pack : 1 - Chicago Wolves : 2.
10:57 of 2nd period - Mitchell Stephens wins face-off versus Sheldon Dries in neutral zone.
11:28 of 2nd period - Snap shot by Ivan Miroshnichenko.
11:28 of 2nd period - Shot Hit the Post.
11:30 of 2nd period - Snap shot by Seamus Casey.
11:30 of 2nd period - Shot Misses the Net.
11:32 of 2nd period - Snap shot by Jackson Cates.
11:32 of 2nd period - Stopped by Domenic DiVincentiis with a rebound.
11:47 of 2nd period - Donavan Houle is hit by Ben Steeves and loses puck.
12:18 of 2nd period - Wrist shot by Donavan Houle.
12:18 of 2nd period - Shot Blocked by David Reinbacher.
12:40 of 2nd period - Snap shot by Roni Hirvonen.
12:40 of 2nd period - Shot Misses the Net.
12:52 of 2nd period - Slapshot by Declan Chisholm.
12:52 of 2nd period - Stopped by Sebastian Cossa without a rebound.
12:53 of 2nd period - Mitchell Stephens wins face-off versus Ryan Winterton in Chicago Wolves zone.
13:08 of 2nd period - Wrist shot by Tyler Motte.
13:08 of 2nd period - Shot Blocked by Lukas Rousek.
13:23 of 2nd period - Slapshot by Gustav Olofsson.
13:23 of 2nd period - Shot Blocked by Jordan Harris.
13:29 of 2nd period - Wrist shot by Jordan Harris.
13:29 of 2nd period - Stopped by Domenic DiVincentiis with a rebound.
13:39 of 2nd period - Pavol Regenda is hit by Michael Buchinger and loses puck.
13:56 of 2nd period - Wrist shot by Valtteri Puustinen.
13:56 of 2nd period - Shot Misses the Net.
14:32 of 2nd period - Icing by Seamus Casey.
14:33 of 2nd period - Mitchell Stephens wins face-off versus Sheldon Dries in Chicago Wolves zone.
14:48 of 2nd period - Wrist shot by Mitchell Stephens.
14:48 of 2nd period - Deflect By Valtteri Puustinen.
14:48 of 2nd period - Shot Misses the Net.
14:48 of 2nd period - Puck is out of play.
14:49 of 2nd period - Ryan Winterton wins face-off versus Jackson Cates in Hartford Wolf Pack zone.
14:58 of 2nd period - Wrist shot by Elias Pettersson2.
14:58 of 2nd period - Stopped by Domenic DiVincentiis with a rebound.
15:19 of 2nd period - Snap shot by Lukas Rousek.
15:19 of 2nd period - Stopped by Domenic DiVincentiis with a rebound.
15:38 of 2nd period - Ryan Gagnier is hit by Gustav Olofsson and loses puck.
16:03 of 2nd period - Pavol Regenda is hit by Donavan Houle and loses puck.
16:24 of 2nd period - Jordan Oesterle is hit by Lukas Rousek and loses puck.
16:34 of 2nd period - Icing by Mitchell Stephens.
16:35 of 2nd period - Sheldon Dries wins face-off versus Jackson Cates in Chicago Wolves zone.
16:36 of 2nd period - Wrist shot by Yegor Sidorov.
16:36 of 2nd period - Stopped by Sebastian Cossa with a rebound.
16:38 of 2nd period - Wrist shot by Yegor Sidorov.
16:38 of 2nd period - Goal by Yegor Sidorov - Hartford Wolf Pack : 2 - Chicago Wolves : 2.
16:39 of 2nd period - Mitchell Stephens wins face-off versus Sheldon Dries in neutral zone.
16:42 of 2nd period - Backhand shot by Valtteri Puustinen.
16:42 of 2nd period - Shot Misses the Net.
16:44 of 2nd period - Snap shot by Mitchell Stephens.
16:44 of 2nd period - Deflect By Valtteri Puustinen.
16:44 of 2nd period - Stopped by Domenic DiVincentiis with a rebound.
16:46 of 2nd period - Snap shot by Mitchell Stephens.
16:46 of 2nd period - Stopped by Domenic DiVincentiis without a rebound.
16:47 of 2nd period - Mitchell Stephens wins face-off versus Sheldon Dries in Hartford Wolf Pack zone.
16:56 of 2nd period - Slapshot by Zac Jones.
16:56 of 2nd period - Stopped by Sebastian Cossa with a rebound.
17:02 of 2nd period - Mitchell Stephens is hit by Yegor Sidorov.
17:06 of 2nd period - Lukas Rousek is hit by Zac Jones and loses puck.
17:19 of 2nd period - Yegor Sidorov is hit by Mitchell Stephens and loses puck.
18:29 of 2nd period - Snap shot by Mitchell Stephens.
18:29 of 2nd period - Goal by Mitchell Stephens - Hartford Wolf Pack : 2 - Chicago Wolves : 3.
18:30 of 2nd period - Ivan Miroshnichenko wins face-off versus Atley Calvert in neutral zone.
18:34 of 2nd period - Minor Penalty to Jason Polin for Tripping.
18:35 of 2nd period - Jackson Cates wins face-off versus Atley Calvert in Hartford Wolf Pack zone.
18:40 of 2nd period - Backhand shot by Ivan Miroshnichenko.
18:40 of 2nd period - Deflect By Jackson Cates.
18:40 of 2nd period - Goal by Jackson Cates - Hartford Wolf Pack : 2 - Chicago Wolves : 4.
18:41 of 2nd period - Jackson Cates wins face-off versus Atley Calvert in neutral zone.
18:46 of 2nd period - Slapshot by Pavol Regenda.
18:46 of 2nd period - Stopped by Domenic DiVincentiis with a rebound.
18:48 of 2nd period - Snap shot by Pavol Regenda.
18:48 of 2nd period - Deflect By Ivan Miroshnichenko.
18:48 of 2nd period - Chicago Wolves goal is going for a video replay.
18:48 of 2nd period - The goal is refused. The attacking player has interfered with a goalkeeper in his goal crease..
18:49 of 2nd period - Jackson Cates wins face-off versus Atley Calvert in Hartford Wolf Pack zone.
19:16 of 2nd period - Wrist shot by Mitchell Stephens.
19:16 of 2nd period - Shot Misses the Net.
19:18 of 2nd period - Snap shot by Jordan Harris.
19:18 of 2nd period - Shot Misses the Net.
19:20 of 2nd period - Slapshot by Jordan Harris.
19:20 of 2nd period - Shot Blocked by Jason Polin.
19:22 of 2nd period - Slapshot by Jordan Harris.
19:22 of 2nd period - Deflect By Mitchell Stephens.
19:22 of 2nd period - Goal by Mitchell Stephens - Hartford Wolf Pack : 2 - Chicago Wolves : 5.
19:23 of 2nd period - Ryan Winterton wins face-off versus Jackson Cates in neutral zone.
19:28 of 2nd period - Snap shot by Tyler Motte.
19:28 of 2nd period - Goal by Tyler Motte - Hartford Wolf Pack : 3 - Chicago Wolves : 5.
19:29 of 2nd period - Jackson Cates wins face-off versus Ryan Winterton in neutral zone.
Goals for this period are 3 for Hartford Wolf Pack vs 4 for Chicago Wolves.
Shots for this period are 6 for Hartford Wolf Pack vs 24 for Chicago Wolves.
3rd period
0:01 of 3rd period - Pavol Regenda wins face-off versus Ryan Winterton in neutral zone.
1:58 of 3rd period - Snap shot by Zac Jones.
1:58 of 3rd period - Shot Misses the Net.
2:00 of 3rd period - Wrist shot by Roni Hirvonen.
2:00 of 3rd period - Deflect By Donavan Houle.
2:00 of 3rd period - Shot Misses the Net.
2:00 of 3rd period - Puck is out of play.
2:01 of 3rd period - Mitchell Stephens wins face-off versus Sheldon Dries in Chicago Wolves zone.
2:16 of 3rd period - Mitchell Stephens is hit by Declan Chisholm and loses puck.
2:28 of 3rd period - Off-side.
2:29 of 3rd period - Jackson Cates wins face-off versus Atley Calvert in neutral zone.
2:43 of 3rd period - Wrist shot by Jason Polin.
2:43 of 3rd period - Shot Misses the Net.
3:22 of 3rd period - Slapshot by Seamus Casey.
3:22 of 3rd period - Stopped by Domenic DiVincentiis without a rebound.
3:23 of 3rd period - Mitchell Stephens wins face-off versus Sheldon Dries in Hartford Wolf Pack zone.
3:24 of 3rd period - Wrist shot by Valtteri Puustinen.
3:24 of 3rd period - Goal by Valtteri Puustinen - Hartford Wolf Pack : 3 - Chicago Wolves : 6.
3:25 of 3rd period - Mitchell Stephens wins face-off versus Ryan Winterton in neutral zone.
3:52 of 3rd period - Sheldon Dries is hit by Pavol Regenda and loses puck.
4:01 of 3rd period - Slapshot by Will Lockwood.
4:01 of 3rd period - Stopped by Domenic DiVincentiis with a rebound.
4:11 of 3rd period - Snap shot by Jordan Oesterle.
4:11 of 3rd period - Stopped by Sebastian Cossa with a rebound.
4:13 of 3rd period - Slapshot by Declan Chisholm.
4:13 of 3rd period - Shot Blocked by Cavan Fitzgerald.
4:15 of 3rd period - Backhand shot by Trevor Janicke.
4:15 of 3rd period - Shot Misses the Net.
4:17 of 3rd period - Snap shot by Declan Chisholm.
4:17 of 3rd period - Deflect By Trevor Janicke.
4:17 of 3rd period - Stopped by Sebastian Cossa with a rebound.
4:19 of 3rd period - Slapshot by Declan Chisholm.
4:19 of 3rd period - Stopped by Sebastian Cossa without a rebound.
4:20 of 3rd period - Ryan Winterton wins face-off versus Mitchell Stephens in Chicago Wolves zone.
6:06 of 3rd period - Ivan Miroshnichenko is hit by Ryan Winterton and loses puck.
6:21 of 3rd period - Sawyer Boulton is hit by Jordan Oesterle and loses puck.
6:48 of 3rd period - Ryan Winterton is hit by Joe Fleming and loses puck.
7:38 of 3rd period - Donavan Houle is hit by Jackson Cates and loses puck.
7:57 of 3rd period - Lukas Rousek is hit by Tyler Motte and loses puck.
8:46 of 3rd period - Zac Jones is hit by Pavol Regenda and loses puck.
9:54 of 3rd period - Valtteri Puustinen is hit by Trevor Janicke and loses puck.
12:00 of 3rd period - Sawyer Boulton is hit by Atley Calvert and loses puck.
14:32 of 3rd period - Brett Harrison is hit by Cavan Fitzgerald and loses puck.
15:21 of 3rd period - Minor Penalty to Sawyer Boulton for Holding.
15:22 of 3rd period - Sheldon Dries wins face-off versus Mitchell Stephens in Chicago Wolves zone.
15:41 of 3rd period - Mitchell Stephens is hit by Zac Jones and loses puck.
17:08 of 3rd period - Seamus Casey is hit by Roni Hirvonen and loses puck.
17:21 of 3rd period - Penalty to Sawyer Boulton is over, Sawyer Boulton is back on ice.
17:53 of 3rd period - Elias Pettersson2 is hit by Brett Harrison and loses puck.
19:06 of 3rd period - Lukas Rousek is hit by Roni Hirvonen and loses puck.
Goals for this period are 0 for Hartford Wolf Pack vs 1 for Chicago Wolves.
Shots for this period are 3 for Hartford Wolf Pack vs 3 for Chicago Wolves.